 Dungeon Crawl Stone Soup version 0.30.0-10-gfe55d96785 (webtiles) character file.

Game seed: 7272768909938681451

774 Sabo the Chopper (level 8, 0/61 HPs)
             Began as a Formicid Fighter on May 14, 2023.
             Slain by Menkaure (19 damage)
             ... on level 5 of the Dungeon.
             The game lasted 00:22:53 (4701 turns).

Sabo the Chopper (Formicid Fighter)                 Turns: 4701, Time: 00:22:53

Health: 0/61       AC: 11    Str: 23    XL:     8   Next: 10%
Magic:  8/8        EV:  8    Int:  6    God:
Gold:   223        SH:  6    Dex: 17    Spells: 7/7 levels left

rFire   . . .        a - +0 war axe
rCold   + . .        c - +0 buckler
rNeg    . . .        h - +0 chain mail
rPois   .            (helmet unavailable)
rElec   .            (no cloak)
rCorr   .            (no gloves)
SInv    +            l - +0 pair of boots
Will    .....        (no amulet) Stlth
                     r - ring of protection from cold
HPRegen 0.30/turn    (no ring)
MPRegen 0.11/turn

%: no passive effects
@: no status effects
A: permanent stasis, dig shafts and tunnels, antennae 3, four strong arms, agile
1
a: Dig, Shaft Self


You were on level 5 of the Dungeon.
You visited 1 branch of the dungeon, and saw 5 of its levels.

You collected 223 gold pieces.

Inventory:

Hand Weapons
 a - a +0 war axe (weapon)
 d - a +0 sling
 q - a +0 giant club
Missiles
 m - 6 poisoned darts
 p - 6 boomerangs
Armour
 c - a +0 buckler (worn)
 h - a +0 chain mail (worn)
 l - a +0 pair of boots (worn)
Jewellery
 r - a ring of protection from cold (left hand)
Wands
 j - a wand of charming (13)
Scrolls
 b - 3 scrolls of poison
 k - a scroll of fear
 n - a scroll of vulnerability {unknown}
Potions
 e - 2 potions of mutation
 f - a potion of attraction {unknown}
 g - a potion of lignification {unknown}
 i - a potion of degeneration {unknown}
 o - a potion of curing {unknown}


   Skills:
 + Level 4.9 Fighting
 + Level 5.9 Axes
 + Level 5.2 Armour
 + Level 1.1 Dodging
 + Level 1.0 Stealth
 * Level 5.6 Shields


You had 7 spell levels left.
You didn't know any spells.
Your spell library contained the following spells:

 Spells                   Type           Power      Damage    Failure   Level
 Passage of Golubria      Tloc           0%         N/A       100%        4
 Silence                  Hex/Air        0%         N/A       100%        5
 Lehudib's Crystal Spear  Conj/Erth      0%         10d2      100%        8


Dungeon Overview and Level Annotations

Branches:
Dungeon (5/15)
 Temple: D:4-7

Altars:
Kikubaaqudgha

Shops:
D:1 :

Annotations:
D:5 Menkaure


Innate Abilities, Weirdness & Mutations

You cannot be hasted, slowed, berserked, paralysed or teleported.
You can dig through walls and to a lower floor.
You have a pair of large antennae on your head. (SInv)
Your four strong arms can wield two-handed weapons with a shield.
You are agile. (Dex +4, Str/Int -1)


Message History

An orc comes into view. It is wielding a +0 club.
The orc shouts!
The orc barely misses you.
You hit the orc.
The orc is lightly wounded.
The orc hits you with a +0 short sword.
You slash the orc!
You kill the orc!
Menkaure calls on the powers of darkness!
The orc convulses!
The orc wizard convulses!
The orc convulses!
The orc priest convulses!
Your body is wracked with pain!
You slash the orc priest!
You kill the orc priest!
The orc wizard casts a spell.
The orc wizard flickers and vanishes for a moment.
You hit the orc.
You kill the orc!
Menkaure calls on the powers of darkness!
The orc convulses!
The orc wizard convulses!
Your body is wracked with pain!
* * * LOW HITPOINT WARNING * * *
You block the orc wizard's attack.
Items here: ))) [[ †.
You hit the orc wizard.
You kill the orc wizard!
You hit Menkaure but do no damage. Menkaure barely misses you.
You slash Menkaure!
Menkaure is heavily damaged.
Menkaure gestures at you while chanting.
You struggle to resist.
You hit Menkaure.
Menkaure is heavily damaged.
Menkaure mumbles some strange words.
Menkaure seems to speed up.
You hit Menkaure.
Menkaure is severely damaged.
Menkaure closely misses you.
You hit Menkaure.
Menkaure is severely damaged.
Menkaure hits you!!
You die...

.#.####.####
..........>#
.#.#.##.##.#
# #.##.#
#.##†#
#.##.#
#.##.#
#.##.#
#.##@# #M#
#o# #.# {
#.# { #.. {{
#.. #..


You could see Menkaure (fast) and an orc.

Vanquished Creatures
  Eustachio (D:4)
  An ice beast (D:4)
  A black bear (D:5)
  An ogre (D:5)
  A bullfrog (D:5)
  3 orc priests
  6 orc wizards
  4 adders
  11 orcs
  2 bats
  3 endoplasms
  4 giant cockroaches
  7 goblins
  10 hobgoblins
  5 jackals (D:1)
  2 quokkas (D:2)
  6 ball pythons
  3 frilled lizards (D:1)
  8 kobolds
  4 rats
83 creatures vanquished.

Notes
Turn   | Place    | Note
-------+----------+-------------------------------------------
     0 | D:1      | Sabo the Formicid Fighter began the quest for the Orb.
     0 | D:1      | Reached XP level 1. HP: 18/18 MP: 1/1
   188 | D:1      | Found Qaov's Book Emporium.
   213 | D:1      | Reached XP level 2. HP: 24/24 MP: 2/2
   831 | D:1      | Reached XP level 3. HP: 29/29 MP: 3/3
  2035 | D:3      | Reached XP level 4. HP: 36/37 MP: 4/4
  2140 | D:3      | Reached XP level 5. HP: 39/42 MP: 5/5
  2231 | D:3      | Found a faded altar of an unknown god.
  2581 | D:3      | Found an ancient bone altar of Kikubaaqudgha.
  3171 | D:4      | Noticed Eustachio
  3184 | D:4      | Killed Eustachio
  3185 | D:4      | Reached XP level 6. HP: 35/48 MP: 6/6
  3303 | D:4      | Noticed an ice beast
  3319 | D:4      | Killed an ice beast
  3320 | D:4      | Reached skill level 5 in Shields
  3320 | D:4      | Reached XP level 7. HP: 5/55 MP: 7/7
  3513 | D:4      | Gained mutation: You are agile. (Dex +4, Str/Int -1)
                  | [potion of mutation]
  3777 | D:4      | Reached skill level 5 in Axes
  4599 | D:5      | Entered Level 5 of the Dungeon
  4615 | D:5      | Reached skill level 1 in Dodging
  4615 | D:5      | Reached skill level 1 in Stealth
  4661 | D:5      | Reached skill level 5 in Armour
  4687 | D:5      | Reached XP level 8. HP: 61/61 MP: 8/8
  4689 | D:5      | Noticed Menkaure
  4701 | D:5      | Slain by Menkaure

Illustrated notes

Levels and vault maps discovered:
D:1:      roderic_crossed_star, layout_basic, serial_shops,
          nicolae_shop_pleasant_corner_grove, minmay_fountain_box,
          serial_bayou_lake_a
D:2:      layout_basic
D:3:      layout_basic, mainiacjoe_overflow_24_doors, basic_ecumenical_altar,
          dk_vineyard_3
D:4:      minmay_spotlight, layout_basic, uniq_eustachio
D:5:      layout_basic, amcnicky_altar_gilded,
          mainiacjoe_overflow_catch_the_wave, uniq_menkaure

Skill      XL: |  1  2  3  4  5  6  7 |
---------------+----------------------+-----
Armour         | 4 5 |  5.2
Axes           | 3 4 5 |  5.9
Fighting       | 4 |  4.9
Shields        | 5 |  5.6
Dodging        | 1 |  1.1
Stealth        | 1 |  1.0

Action                     |  1- 3 |  4- 6 |  7- 9 || total
---------------------------+-------+-------+-------++-------
  Melee: War axe           |   102 |    96 |    94 ||   292
    Use: Scroll            |     4 |     1 |     1 ||     6
         Potion            |     1 |     1 |     1 ||     3
 Armour: Scale mail        |    34 |       |       ||    34
         Chain mail        |    39 |    63 |    46 ||   148
  Dodge: Dodged            |    58 |    35 |    27 ||   120
  Block: Buckler           |    27 |    26 |    26 ||    79
